Map: Carnage sur Korhal EC

Players

TheObcd - Winner!

  • Race: Protoss Protoss
  • League: Gold

SailorMoonLS

  • Race: Protoss Protoss
  • League: Diamond

VOD

Have the link to the VOD?

Description

Time

  • Played on: May 6, 2016, 2:26 a.m.
  • Length: 6:16
Show
View Real Time Build Order
Export as new Build Order

TheObcd Protoss - Winner!

Build Orders:  

Get SALT Encoding   

  12  0:09  Pylon  
  12  0:13  Probe (Chrono Boost)  
  13  0:31  Probe (Chrono Boost), Gateway  
  14  0:41  Probe (Chrono Boost)  
  15  0:43  Assimilator  
  15  0:52  Probe (Chrono Boost)  
  17  1:07  Gateway  
  17  1:10  Probe (Chrono Boost)  
  17  1:20  Cybernetics Core  
  17  1:33  Probe (Chrono Boost)  
  18  1:40  Zealot (Chrono Boost)  
  20  1:49  Pylon  
  20  1:56  Mothership Core (Chrono Boost)  
  22  2:07  Adept x2  
  26  2:28  Assimilator  
  26  2:34  Adept x2  
  30  2:42  Pylon  
  30  2:43  Pylon  
  30  2:47  Pylon  
  30  3:01  Pylon  
  28  3:23  Adept x2  
  32  3:30  Probe (Chrono Boost)  
  33  3:37  Gateway  
  32  3:50  Adept  
  34  3:57  Probe (Chrono Boost)  
  33  4:11  Mothership Core (Chrono Boost)  
  35  4:23  Stalker x2  
  37  4:25  Stalker  
  39  4:41  Pylon  
  39  4:44  Pylon  
  39  4:45  Pylon  
  37  4:59  Pylon  
  37  5:08  Stalker  
  37  5:29  Stalker x2  
  41  5:43  Mothership Core (Chrono Boost)  
Show
View Real Time Build Order
Export as new Build Order

SailorMoonLS Protoss 

Build Orders:  

Get SALT Encoding   

  12  0:01  Probe (Chrono Boost)  
  13  0:11  Probe (Chrono Boost)  
  14  0:18  Pylon  
  14  0:24  Probe (Chrono Boost)  
  15  0:36  Probe (Chrono Boost)  
  15  0:40  Gateway  
  16  0:47  Probe (Chrono Boost)  
  16  0:48  Assimilator  
  17  0:55  Assimilator  
  17  0:58  Probe (Chrono Boost)  
  18  1:08  Probe (Chrono Boost)  
  19  1:21  Probe (Chrono Boost)  
  20  1:29  Cybernetics Core  
  20  1:34  Gateway  
  20  1:39  Probe (Chrono Boost)  
  21  1:50  Probe (Chrono Boost)  
  21  1:53  Pylon  
  22  2:00  Probe (Chrono Boost)  
  23  2:07  Robotics Facility  
  23  2:18  Stalker (Chrono Boost)  
  25  2:26  Stalker (Chrono Boost)  
  27  2:39  Warp Gate (Chrono Boost)  
  27  2:42  Gateway  
  27  2:47  Adept  
  23  3:30  Pylon  
  23  3:31  Stalker (Chrono Boost)  
  23  3:46  Stalker (Chrono Boost)  
  22  3:52  Adept (Chrono Boost)  
  19  4:14  Mothership Core  
  17  4:55  Stalker x2  
  21  5:18  Stalker  
Tags
 
Add a new tag
Caveats
  • Supply blocks, unpowered buildings, or Contaminate may cause inaccurate times.
  • Supply counts are checked every 10 seconds.